 Dungeon Crawl Stone Soup version 0.21-a0-434-g806c6c2 (webtiles) character file.

35 Laiders the Shield-Bearer (level 3, -1/29 HPs)
             Began as a Formicid Fighter on Nov 8, 2017.
             Slain by a worm (7 damage)
             ... on level 2 of the Dungeon.
             The game lasted 00:01:49 (926 turns).

Laiders the Shield-Bearer (Formicid Fighter)         Turns: 926, Time: 00:01:50

Health: -1/29      AC:  6    Str: 21    XL:     3   Next: 55%
Magic:  3/3        EV:  8    Int:  7    God:
Gold:   59         SH:  9    Dex: 10    Spells: 2/2 levels left

rFire    . . .     SeeInvis +   a - +0 flail
rCold    . . .     Gourm    .   c - +0 shield
rNeg     . . .     Faith    .   b - +0 scale mail
rPois    .         Spirit   .   (helmet unavailable)
rElec    .         Reflect  .   (no cloak)
rCorr    .         Harm     .   (no gloves)
MR       .....                  (no boots)
Stlth    ..........             (no amulet)
HPRegen  0.09/turn              (no ring)
MPRegen  0.08/turn              (no ring)

@: lethally poisoned (-1 -> -3)
A: permanent stasis, dig shafts and tunnels, four strong arms, antennae 3
a: Dig, Shaft Self


You were on level 2 of the Dungeon.
You were not hungry.

You visited 1 branch of the dungeon, and saw 2 of its levels.

You collected 59 gold pieces.

Inventory:

Hand Weapons
 a - a +0 flail (weapon)
Armour
 b - a +0 scale mail (worn)
 c - a +0 shield (worn)
Jewellery
 j - an uncursed amulet of regeneration {unknown}
 n - an uncursed amulet of regeneration {unknown}
Scrolls
 h - a scroll of fog {unknown}
 i - a scroll of identify {unknown}
 k - 2 scrolls of remove curse {unknown}
 m - a scroll of immolation {unknown}
 p - a scroll of teleportation {unknown}
 r - a scroll of enchant armour {unknown}
Potions
 d - a potion of might
 e - a potion of haste {unknown}
 l - 2 potions of ambrosia {unknown}
 o - a potion of curing {unknown}
 q - a potion of heal wounds {unknown}
Comestibles
 f - 2 bread rations
 g - 2 royal jellies


   Skills:
 - Level 3.2 Fighting
 * Level 3.2 Maces & Flails
 - Level 3.2 Armour
 + Level 4.2 Shields


You had 2 spell levels left.
You didn't know any spells.

Dungeon Overview and Level Annotations

Branches:
Dungeon (2/15)

Altars:


Innate Abilities, Weirdness & Mutations

You cannot be hasted, slowed, berserked, paralysed or teleported.
You can dig through walls and to a lower floor.
Your four strong arms can wield two-handed weapons with a shield.
You have a pair of large antennae on your head. (SInv)


Message History

You block the adder's attack.
You hit the worm but do no damage.
The worm is lightly wounded.
You feel sick. You block the adder's attack. The worm closely misses you.
The adder bites you but does no damage.
Your shield and scale mail prevent you from hitting the worm.
The adder closely misses you. The worm bites you!
* * * LOW HITPOINT WARNING * * *
You block the adder's attack.
You hit the worm.
The worm is lightly wounded.
The adder barely misses you. You block the worm's attack.
You hit the worm.
The worm is lightly wounded.
You feel sick. The adder bites you but does no damage.
The adder barely misses you.
You thump the worm!
The worm is severely wounded.
The adder closely misses you. The worm bites you!
You die...

........#....#..#
.....#.#.<.....# ..
#...#.#.##.##.#
#.##.#.##.......## #
...#.......#..S..###
.........(.#.......#
....#####..#...#.#.#
....# #........#w#.#
.. ....#
#.#.###..#@# # ..
....# #.#.##...S.#
.. .
....###.#.##.....#
#!..
..........##...###
#. #...#
........####...
#..#...#
....#..........
#.#...#
#...#.#####.#.
##.....### #...#.#
#.#. .... #.........
#...#.#
......#.........


You could see a worm and an adder.

Vanquished Creatures
  A worm (D:2)
  2 leopard geckos (D:1)
  A giant cockroach (D:1)
  5 hobgoblins (D:1)
  4 jackals (D:1)
  2 bats
  2 frilled lizards
  2 goblins
  5 kobolds
  5 rats
29 creatures vanquished.

Notes
Turn   | Place    | Note
-------+----------+-------------------------------------------
     0 | D:1      | Laiders the Formicid Fighter began the quest for the Orb.
     0 | D:1      | Reached XP level 1. HP: 18/18 MP: 1/1
    61 | D:1      | Reached XP level 2. HP: 18/24 MP: 2/2
   150 | D:1      | Reached skill level 4 in Shields
   356 | D:1      | Reached XP level 3. HP: 29/29 MP: 3/3
   926 | D:2      | Slain by a worm

Vault maps used:
D:1:      dpeg_arrival_lava_altar
D:2:      nrook_uturn

Skill      XL: |  1  2  3 |
---------------+----------+-----
Shields        | 4 |  4.2
Maces & Flails | 3 |  3.2
Fighting       | |  3.2
Armour         | |  3.2

Action                   || total
-------------------------++-------
Melee: Flail             ||   101
Armor: Scale mail        ||    59
Dodge: Dodged            ||    46
Block: Shield            ||    69

Table legend:
 A = Spawn XP
 B = Non-spawn XP
 C = Spawn XP percentage of total XP
 D = Spawn monster count
 E = Non-spawn monster count
 F = Spawn count percentage of total count
 G = Total turns spent on level
                    A         B        C        D         E        F      G
               +---------+---------+-------+---------+---------+-------+---------
         Total |       0 |      51 |   0.0 |       0 |      29 |   0.0 |   926
               +---------+---------+-------+---------+---------+-------+---------
           D:1 |       0 |      39 |   0.0 |       0 |      23 |   0.0 |   660
           D:2 |       0 |      12 |   0.0 |       0 |       6 |   0.0 |   266
               +---------+---------+-------+---------+---------+-------+---------
